 Dungeon Crawl Stone Soup version 0.22-a0-369-gc73351f (webtiles) character file.

954 nikopol the Magician (level 7, -3/36 HPs)
             Began as a Deep Elf Fire Elementalist on Apr 24, 2018.
             Splashed by Ijyb's acid (10 damage)
             ... on level 5 of the Dungeon.
             The game lasted 00:16:51 (4689 turns).

nikopol the Magician (Deep Elf Fire Elementalist)   Turns: 4689, Time: 00:16:52

Health: -3/36      AC:  4    Str:  5    XL:     7   Next: 90%
Magic:  19/19      EV: 13    Int: 22    God:
Gold:   65         SH:  4    Dex: 15    Spells: 1/19 levels left

rFire    . . .     SeeInvis .   u - +1 dagger (speed)
rCold    + . .     Gourm    .   n - +0 buckler
rNeg     . . .     Faith    .   t - +1 robe {rC+}
rPois    .         Spirit   .   (no helmet)
rElec    .         Reflect  .   r - +0 cloak
rCorr    .         Harm     .   (no gloves)
MR       .....                  (no boots)
Stlth    +++.......             (no amulet)
HPRegen  0.12/turn              (no ring)
MPRegen  0.16/turn              (no ring)

@: no status effects
A: no striking features
a: no special abilities


You were on level 5 of the Dungeon.
You were not hungry.

You visited 1 branch of the dungeon, and saw 5 of its levels.

You collected 206 gold pieces.
You spent 141 gold pieces at shops.

Inventory:

Hand Weapons
 b - a +0 dagger
 u - a +1 dagger of speed (weapon)
Armour
 a - a +0 robe
 n - a +0 buckler (worn)
 r - a +0 cloak (worn)
 t - a +1 robe of cold resistance (worn)
Jewellery
 v - a cursed -3 ring of evasion {unknown}
Scrolls
 h - a scroll of enchant weapon {unknown}
 i - 4 scrolls of identify {unknown}
 k - a scroll of remove curse {unknown}
 o - 4 scrolls of teleportation
 p - 2 scrolls of fog {unknown}
 s - a scroll of blinking
Potions
 d - 2 potions of degeneration {unknown}
 e - 3 potions of might {unknown}
 f - 3 potions of haste {unknown}
 g - 2 potions of flight {unknown}
 j - a potion of cancellation {unknown}
 l - a potion of curing {unknown}
 q - a potion of heal wounds {unknown}
Comestibles
 c - 6 rations
 m - 4 chunks of flesh


   Skills:
 + Level 0.2 Fighting
 + Level 3.1 Dodging
 + Level 3.9 Stealth
 * Level 0.9 Shields
 + Level 6.9 Spellcasting
 + Level 5.3 Conjurations
 + Level 6.3 Fire Magic


You had one spell level left.
You knew the following spells:

 Your Spells              Type           Power        Failure   Level  Hunger
a - Flame Tongue          Conj/Fire      ####.        1%          1    None
b - Throw Flame           Conj/Fire      ####..       1%          2    None
c - Conjure Flame         Conj/Fire      ####....     3%          3    None
d - Sticky Flame          Conj/Fire      ####....     11%         4    ###....
e - Fireball              Conj/Fire      ####......   30%         5    #####..
f - Magic Dart            Conj           ####         1%          1    None
g - Blink                 Tloc           N/A          19%         2    None


Dungeon Overview and Level Annotations

Branches:
Dungeon (5/15)
 Temple: D:4-7

Altars:

Shops:
D:4 =**?*   D:5 [

Annotations:
D:5 Ijyb


Message History

You open the door. You open the door.
There is an open door here.
Eating one of 5 chunks of flesh.
You eat one of the 5 chunks of flesh.
This raw flesh tastes terrible.
v - a peridot ring
Found a stone staircase leading down.
Ijyb the Twisted Goblin comes into view.
She is wielding a dagger.
Casting: Sticky Flame (safe; 11% risk of failure)
Confirm with . or Enter, or press ? or * to list all spells.
Okay, then.
You start resting.
Magic restored.
Ijyb shouts!
Ijyb zaps a wand.
The bolt of acid hits you!
You are splashed with acid!
The acid burns!
It is a wand of acid (7).
Ijyb zaps a wand.
The bolt of acid hits you!
* * * LOW HITPOINT WARNING * * *
You are splashed with acid!
The acid burns!
You die...

.......##........#
.......##........#
.......##........#
.......##........#
##.....##........+
#.....##........#
#.....##........#
#######..# #!@#
##g.# #.># ##.# ..
###


You could see Ijyb.

Vanquished Creatures
  Sigmund (D:2)
  Edmund (D:3)
  A phantom (D:4)
  A centaur (D:5)
  Blork the orc (D:4)
  2 scorpions (D:4)
  A howler monkey (D:4)
  A centaur skeleton (D:4)
  3 orc wizards
  3 worker ants
  A hound skeleton (D:4)
  5 adders
  2 worms
  2 dart slugs (D:3)
  4 leopard geckos
  6 orcs
  3 giant cockroaches
  6 goblins
  6 hobgoblins
  6 jackals
  12 kobolds
  5 bats
  2 frilled lizards
  4 rats
79 creatures vanquished.

Notes
Turn   | Place    | Note
-------+----------+-------------------------------------------
     0 | D:1      | nikopol the Deep Elf Fire Elementalist began the quest for the Orb.
     0 | D:1      | Reached XP level 1. HP: 10/10 MP: 6/6
   185 | D:1      | Reached XP level 2. HP: 12/15 MP: 0/8
   958 | D:2      | Reached XP level 3. HP: 18/19 MP: 5/9
   962 | D:2      | Learned a level 2 spell: Throw Flame
   966 | D:2      | Learned a level 3 spell: Conjure Flame
  1461 | D:2      | Noticed Sigmund
  1856 | D:2      | Reached XP level 4. HP: 24/24 MP: 3/11
  1959 | D:2      | Killed Sigmund
  1959 | D:2      | Reached XP level 5. HP: 28/28 MP: 4/13
  2030 | D:2      | Learned a level 4 spell: Sticky Flame
  2476 | D:3      | Reached skill level 5 in Fire Magic
  2688 | D:3      | Reached XP level 6. HP: 32/32 MP: 7/14
  3144 | D:4      | Found Edeisum's General Store.
  3161 | D:4      | Bought a scroll of blinking for 75 gold pieces
  3218 | D:4      | Found Kecvozet's General Store.
  3239 | D:4      | Noticed Edmund
  3307 | D:4      | Found Lyolab's Jewellery Boutique.
  3400 | D:3      | Killed Edmund
  3400 | D:3      | Reached skill level 5 in Spellcasting
  3498 | D:4      | Noticed Blork the orc
  3650 | D:4      | Found Luoph's Assorted Antiques.
  3651 | D:4      | Found Lymouph's Magic Scroll Boutique.
  3827 | D:4      | Killed Blork the orc
  3827 | D:4      | Reached XP level 7. HP: 30/36 MP: 12/17
  3849 | D:4      | Learned a level 5 spell: Fireball
  3851 | D:4      | Learned a level 1 spell: Magic Dart
  3917 | D:4      | Reached skill level 5 in Conjurations
  4427 | D:4      | Bought 2 scrolls of teleportation for 66 gold pieces
  4462 | D:5      | Entered Level 5 of the Dungeon
  4496 | D:5      | Learned a level 2 spell: Blink
  4637 | D:5      | Found Tamaso's Antique Armour Emporium.
  4674 | D:5      | Noticed Ijyb
  4689 | D:5      | Splashed by Ijyb's acid

Vault maps used:
D:1:      lordsloth_arrival_two_stooges
D:2:      uniq_sigmund
D:3:      minmay_quantized
D:4:      serial_shops, nicolae_shop_waterfront, nicolae_shop_waterfront,
          kennysheep_mini_moat, shop, shop, uniq_edmund, uniq_blork_the_orc
D:5:      first_ration, serial_shops, kennysheep_little_box, uniq_eustachio,
          uniq_ijyb, uniq_menkaure

Skill      XL: |  1  2  3  4  5  6  7 |
---------------+----------------------+-----
Conjurations   | 2 3 4 5 |  5.3
Fire Magic     | 4 5 6 |  6.3
Stealth        | 3 |  3.9
Spellcasting   | 4 5 6 |  6.9
Dodging        | 3 |  3.1
Fighting       | |  0.2
Shields        | |  0.9

Action                   |  1- 3 |  4- 6 |  7- 9 || total
-------------------------+-------+-------+-------++-------
Melee: Unarmed           |     1 |       |       ||     1
 Cast: Flame Tongue      |    56 |    80 |    39 ||   175
       Conjure Flame     |     2 |     4 |       ||     6
       Throw Flame       |     2 |     4 |     3 ||     9
       Sticky Flame      |       |     5 |     6 ||    11
  Eat: Chunk             |     1 |     5 |     4 ||    10
       Ration            |     1 |       |       ||     1
Armor: Robe              |     5 |     2 |     2 ||     9
Dodge: Dodged            |    18 |     8 |    10 ||    36
Block: Buckler           |       |       |     2 ||     2

Table legend:
 A = Spawn XP
 B = Non-spawn XP
 C = Spawn XP percentage of total XP
 D = Spawn monster count
 E = Non-spawn monster count
 F = Spawn count percentage of total count
 G = Total turns spent on level
                    A         B        C        D         E        F      G
               +---------+---------+-------+---------+---------+-------+---------
         Total |       0 |    1363 |   0.0 |       0 |      79 |   0.0 |  4689
               +---------+---------+-------+---------+---------+-------+---------
           D:1 |       0 |      31 |   0.0 |       0 |      17 |   0.0 |   954
           D:2 |       0 |     295 |   0.0 |       0 |      15 |   0.0 |  1206
           D:3 |       0 |     227 |   0.0 |       0 |      21 |   0.0 |  1202
           D:4 |       0 |     653 |   0.0 |       0 |      22 |   0.0 |  1100
           D:5 |       0 |     157 |   0.0 |       0 |       4 |   0.0 |   227
               +---------+---------+-------+---------+---------+-------+---------
